 Dungeon Crawl Stone Soup version 0.30-a0-570-g486de37d69 (webtiles) character file.

Game seed: 2442911930741735574

15927 Ijustatesigmund the Cleaver (level 12, -1/113 HPs)
             Began as a Hill Orc Fighter on Dec 29, 2022.
             Was a High Priest of Uskayaw.
             Slain by Urug
             ... wielding a +2 war axe of flaming
              (15 damage)
             ... on level 11 of the Dungeon.
             The game lasted 00:15:41 (11145 turns).

Ijustatesigmund the Cleaver (Hill Orc Fighter)     Turns: 11145, Time: 00:15:41

Health: -1/113     AC: 14    Str: 27    XL:     12   Next: 32%
Magic:  21/21      EV: 17    Int: 14    God:    Uskayaw [*****.]
Gold:   320        SH:  5    Dex: 10    Spells: 9/11 levels left

rFire   . . .      SeeInvis +    p - +4 war axe
rCold   . . .      Faith    +    c - +1 buckler
rNeg    . . .      Spirit   .    v - +5 robe of Night {Dark Will+ SInv}
rPois   +          Reflect  .    t - +1 helmet
rElec   +          Harm     .    r - scarf {repulsion}
rCorr   .          Rampage  .    i - +2 pair of gloves {Str+3}
Will    ++...                    A - +0 pair of boots
Stlth   ++                       y - amulet of faith
HPRegen 0.38/turn                n - +5 ring of evasion
MPRegen 0.17/turn                m - ring of Lutusaic {rElec rPois Will+ Int+6 Stlth+}

@: mighty, repel missiles
A: no striking features
a: Renounce Religion, Stomp, Line Pass, Grand Finale


You were on level 11 of the Dungeon.
You worshipped Uskayaw.
Uskayaw was pleased with you.
You visited 2 branches of the dungeon, and saw 12 of its levels.

You collected 778 gold pieces.
You spent 458 gold pieces at shops.

Inventory:

Hand Weapons
 a - a +0 war axe of electrocution
 e - a +3 flail of freezing
 p - a +4 war axe (weapon)
Missiles
 B - a throwing net (quivered)
Armour
 b - a +0 scale mail
 c - a +1 buckler (worn)
 i - a +2 pair of gloves of strength (worn)
 r - a scarf of repulsion (worn)
 t - a +1 helmet (worn)
 v - the +5 robe of Night (worn) {Dark Will+ SInv}
   (You found it on level 7 of the Dungeon)

   It shrouds the wearer in darkness, reducing the range at which they can see
   and be seen by others.
   SInv:      It lets you see invisible.
   Will:      It increases your willpower.
 A - a +0 pair of boots (worn)
Jewellery
 m - the ring of Lutusaic (right hand) {rElec rPois Will+ Int+6 Stlth+}
   (You acquired it on level 4 of the Dungeon)

   [ring of intelligence]

   Int:       It affects your intelligence (+6).
   rElec:     It insulates you from electricity.
   rPois:     It protects you from poison.
   Will:      It increases your willpower.
   Stlth:     It makes you more stealthy.
 n - a +5 ring of evasion (left hand)
 y - an amulet of faith (around neck)
 E - a +5 ring of evasion
 F - a ring of positive energy
 H - a ring of flight
Wands
 k - a wand of mindburst (11)
 q - a wand of flame (47)
 C - a wand of roots (7)
Scrolls
 f - 2 scrolls of fog
 o - 4 scrolls of teleportation
 x - a scroll of immolation
 z - a scroll of blinking
 D - a scroll of brand weapon
 G - 3 scrolls of enchant armour
 I - a scroll of silence
Potions
 d - 2 potions of might
 g - 2 potions of brilliance
 h - 2 potions of mutation
 j - 2 potions of cancellation
 l - 2 potions of curing
 s - a potion of attraction
 u - 4 potions of haste
 w - a potion of heal wounds {unknown}


   Skills:
 + Level 12.3 Fighting
 + Level 13.0 Axes
 - Level 4.7 Armour
 - Level 3.3 Dodging
 - Level 4.8 Shields
 * Level 5.1 Transmutations
 + Level 4.6 Earth Magic
 + Level 12.2 Invocations


You had 9 spell levels left.
You knew the following spells:

 Your Spells              Type           Power      Damage    Failure   Level
a - Passwall              Tmut/Erth      10%        N/A       8%          2

Your spell library contained the following spells:

 Spells                   Type           Power      Damage    Failure   Level
 Sandblast                Erth           26%        2d8       5%          1
 Stone Arrow              Conj/Erth      12%        3d7       41%         3
 Cigotuvi's Dreadful Rot  Necr/Pois/Air  0%         N/A       50%         2
 Ensorcelled Hibernation  Hex/Ice        0%         N/A       50%         2
 Poisonous Vapours        Pois/Air       0%         N/A       50%         2
 Dazzling Flash           Conj/Hex       0%         N/A       73%         3
 Hailstorm                Conj/Ice       0%         3d3       73%         3
 Mephitic Cloud           Conj/Pois/Air  0%         N/A       73%         3
 Portal Projectile        Hex/Tloc       0%         N/A       73%         3
 Swiftness                Air            0%         N/A       73%         3
 Tukima's Dance           Hex            0%         N/A       73%         3
 Blade Hands              Tmut           7%         N/A       77%         5
 Ice Form                 Ice/Tmut       7%         N/A       78%         4
 Agony                    Necr           0%         N/A       100%        5
 Silence                  Hex/Air        0%         N/A       100%        5
 Simulacrum               Ice/Necr       0%         N/A       100%        6


Dungeon Overview and Level Annotations

Branches:
Dungeon (11/15)            Temple (1/1) D:7            Lair (0/5) D:9
    Orc (0/2) D:9

Altars:
Ashenzari
Cheibriados
Dithmenos
Elyvilon
Fedhas
Gozag
Hepliaklqana
Kikubaaqudgha
Makhleb
Nemelex Xobeh
Okawaru
Qazlal
Ru
Sif Muna
Trog
Uskayaw
Vehumet
Wu Jian
Xom
Yredelemnul
Zin
The Shining One

Shops:
D:8 ?   D:10 [:

Annotations:
D:3 3 runed translucent doors, Azuvok's ghost, amateur MiFi; WienerDreamer's ghost, amateur DsBe; Zero's ghost, amateur DECj; mojasp's ghost, amateur DsFi
D:11 Urug


Message History

You are too injured to fight recklessly!
Okay, then.
You barely miss the two-headed ogre.
The two-headed ogre is severely wounded.
The two-headed ogre misses you. You block the two-headed ogre's attack.
You slash the two-headed ogre!
The two-headed ogre is almost dead.
Uskayaw will force your foes to helplessly watch your dance.
Uskayaw prepares the audience for your solo!
The helpless two-headed ogre fails to defend itself.
You slash the two-headed ogre!
You kill the two-headed ogre!
Urug is no longer paralysed.
Urug closely misses you.
Things that are here:
a +0 giant club; a +0 giant club You hit Urug.
Urug is lightly wounded.
Urug barely misses you.
You feel very mighty all of a sudden. You block Urug's attack.
You hit Urug but do no damage.
Urug is lightly wounded.
You slash Urug!
Urug is lightly wounded.
You block Urug's attack.
Uskayaw will force your foes to share their pain.
You barely miss Urug.
Urug is lightly wounded.
Urug hits you with a +2 war axe of flaming!!
* * * LOW HITPOINT WARNING * * *
Urug burns you!
* * * LOW HITPOINT WARNING * * *
You slice Urug!!
Urug is heavily wounded.
Urug hits you but does no damage.
You can now merge with and destroy a victim.
You slash Urug!
Urug is severely wounded.
Urug hits you with a +2 war axe of flaming!
You die...

####### #..# ##.#
#.# # #.# # # #.##
######## ..
#..#####......'
...
##.......######
....######..######
# ....'o@....## #
....######.# # ...
#.## # #+## ##
#..# #.<###
###'###### ##...#
###...(....# ###.#
#.'........#
#####'#######
##.#........#
#...........#
#..#........####


You could see Urug.

Vanquished Creatures
  Josephine (D:11)
  Harold (D:11)
  4 two-headed ogres
  Erica (D:8)
  Psyche (D:8)
  3 kobold demonologists
  5 trolls
  Grinder (D:6)
  4 dream sheep (D:7)
  A vampire (D:10)
  8 yaks
  5 shadows
  A wyvern (D:6)
  4 wraiths (D:11)
  2 vampire mosquitoes (D:11)
  Menkaure (D:6)
  Edmund (D:6)
  2 wargs (D:9)
  2 water moccasins
  7 orc warriors
  3 ice beasts
  A sky beast (D:6)
  A black bear (D:8)
  9 centaurs
  A phantom (D:6)
  A kobold brigand (D:9)
  4 bullfrogs
  2 necrophages
  3 scorpions
  21 wights
  5 killer bees (D:9)
  A howler monkey (D:7)
  2 hounds
  2 jellies
  7 orc priests
  A gnoll bouda (D:9)
  7 iguanas
  13 orc wizards
  13 gnolls
  9 adders
  A shadow imp (D:6)
  3 white imps
  4 worms
  A dart slug (D:2)
  28 orcs
  4 bats
  7 endoplasms
  A giant cockroach (D:1)
  23 goblins
  31 hobgoblins
  3 jackals (D:2)
  19 kobolds
  6 quokkas
  7 ball pythons
  2 frilled lizards (D:2)
  5 rats
306 creatures vanquished.

Vanquished Creatures (others)
  9 plants
  14 withered plants
23 creatures vanquished.

Grand Total: 329 creatures vanquished

Notes
Turn   | Place    | Note
-------+----------+-------------------------------------------
     0 | D:1      | Ijustatesigmund the Hill Orc Fighter began the quest for
                  | the Orb.
     0 | D:1      | Reached XP level 1. HP: 19/19 MP: 1/1
   127 | D:1      | Reached skill level 3 in Axes
   127 | D:1      | Reached XP level 2. HP: 27/27 MP: 2/2
   400 | D:1      | Found a faded altar of an unknown god.
   432 | D:1      | Reached XP level 3. HP: 33/33 MP: 3/3
   852 | D:2      | Reached XP level 4. HP: 37/40 MP: 2/4
  1573 | D:3      | Reached skill level 4 in Axes
  1769 | D:3      | Found a runed translucent gate.
  1770 | D:3      | Found a runed translucent gate.
  1771 | D:3      | Found a runed translucent gate.
  1772 | D:3      | Noticed WienerDreamer's ghost (amateur DsBe)
  1772 | D:3      | Noticed Azuvok's ghost (amateur MiFi)
  1773 | D:3      | Noticed Zero's ghost (amateur DECj)
  1773 | D:3      | Noticed mojasp's ghost (amateur DsFi)
  1880 | D:3      | Reached XP level 5. HP: 47/47 MP: 5/5
  2399 | D:4      | Identified a scroll of acquirement
  2399 | D:4      | Acquired the ring of Lutusaic {rElec rPois Will+ Int+6
                  | Stlth+}
  2911 | D:5      | Entered Level 5 of the Dungeon
  2915 | D:5      | Noticed a centaur
  2924 | D:5      | Killed a centaur
  2925 | D:5      | Reached skill level 5 in Fighting
  2925 | D:5      | Reached XP level 6. HP: 49/56 MP: 3/6
  3030 | D:5      | Found a hide-covered altar of Uskayaw.
  3031 | D:5      | Found an ornate altar of the Wu Jian Council.
  3032 | D:5      | Found a basalt altar of Yredelemnul.
  3032 | D:5      | Found a white marble altar of Elyvilon.
  3038 | D:5      | Became a worshipper of Uskayaw the Reveller
  3078 | D:5      | Reached * piety under Uskayaw
  3081 | D:5      | Reached skill level 5 in Axes
  3156 | D:5      | Noticed a water moccasin
  3167 | D:5      | Reached ** piety under Uskayaw
  3168 | D:5      | Killed a water moccasin
  3169 | D:5      | Reached XP level 7. HP: 56/61 MP: 5/8
  3724 | D:5      | Reached skill level 6 in Axes
  3919 | D:5      | Reached *** piety under Uskayaw
  3951 | D:5      | Reached **** piety under Uskayaw
  3956 | D:5      | Reached ***** piety under Uskayaw
  4097 | D:5      | Reached XP level 8. HP: 59/71 MP: 11/11
  4273 | D:5      | Found a glowing silver altar of Zin.
  4532 | D:6      | Reached skill level 7 in Axes
  4832 | D:6      | Noticed Grinder
  4837 | D:6      | Paralysed by Grinder for 2 turns
  4839 | D:6      | Killed Grinder
  4840 | D:6      | Reached skill level 5 in Invocations
  5065 | D:6      | Reached skill level 8 in Axes
  5069 | D:6      | Reached XP level 9. HP: 19/81 MP: 3/14
  5305 | D:6      | Noticed Menkaure
  5310 | D:6      | Killed Menkaure
  5320 | D:6      | Reached skill level 9 in Axes
  5454 | D:6      | Noticed Edmund
  5790 | D:6      | Killed Edmund
  6002 | D:7      | Reached skill level 10 in Axes
  6242 | D:7      | Found the +5 robe of Night {Dark Will+ SInv}
  6389 | D:7      | Found a staircase to the Ecumenical Temple.
  6396 | Temple   | Entered the Ecumenical Temple
  6780 | D:7      | Reached XP level 10. HP: 88/93 MP: 16/16
  6785 | D:7      | Reached skill level 10 in Fighting
  6785 | D:7      | Reached skill level 1 in Dodging
  7619 | D:8      | Noticed Psyche
  7627 | D:8      | Killed Psyche
  7628 | D:8      | Reached skill level 11 in Axes
  7723 | D:8      | Reached skill level 10 in Invocations
  7962 | D:8      | Found Vyit's Magic Scroll Shop.
  7968 | D:8      | Bought a scroll of teleportation for 39 gold pieces
  7968 | D:8      | Bought a scroll of blinking for 97 gold pieces
  8241 | D:8      | Noticed Erica
  8249 | D:8      | Killed Erica
  8545 | D:8      | Learned a level 2 spell: Passwall
  8725 | D:9      | Reached skill level 1 in Transmutations
  8725 | D:9      | Reached skill level 1 in Earth Magic
  8725 | D:9      | Reached XP level 11. HP: 102/102 MP: 18/18
  8741 | D:9      | Reached ****** piety under Uskayaw
  8754 | D:9      | Found a staircase to the Lair.
  8977 | D:9      | Found a staircase to the Orcish Mines.
  9013 | D:9      | Reached skill level 12 in Axes
  9229 | D:9      | Found a shadowy altar of Dithmenos.
  9452 | D:9      | Noticed a two-headed ogre
  9461 | D:9      | Noticed a two-headed ogre
  9462 | D:9      | Killed a two-headed ogre
  9471 | D:9      | Killed a two-headed ogre
  9687 | D:10     | Entered Level 10 of the Dungeon
  9687 | D:10     | Found a shimmering altar of Xom.
  9693 | D:10     | Found Tusykizy's Armour Shop.
  9705 | D:10     | Bought a +2 pair of gloves of strength for 322 gold pieces
  9746 | D:10     | Found Bocvosk's Book Boutique.
  9864 | D:10     | Found an ancient bone altar of Kikubaaqudgha.
 10270 | D:10     | Found a sparkling altar of Nemelex Xobeh.
 10421 | D:11     | Noticed Josephine
 10427 | D:11     | Killed Josephine
 10500 | D:11     | Identified the +6 spear of Destruction {freeze, Int+5}
 10535 | D:11     | Reached XP level 12. HP: 112/112 MP: 20/20
 10564 | D:11     | Noticed a two-headed ogre
 10571 | D:11     | Killed a two-headed ogre
 10799 | D:11     | Noticed Harold
 10819 | D:11     | Killed Harold
 10984 | D:11     | Reached skill level 13 in Axes
 10984 | D:11     | Reached skill level 5 in Transmutations
 11128 | D:11     | Noticed Urug
 11128 | D:11     | Noticed a two-headed ogre
 11137 | D:11     | Killed a two-headed ogre
 11145 | D:11     | Slain by Urug

Illustrated notes

Levels and vault maps discovered:
D:1:      dpeg_arrival_shrine, layout_basic,
          shapermc_ecumenical_altar_flowoftime, nicolae_wormholes
D:2:      layout_basic, kennysheep_boxes
D:3:      layout_basic, gammafunk_ghost_cemetery
D:4:      layout_loops_ring, amethyst_killhole
D:5:      minmay_goblin_kobold_castle, layout_cave_pods, lemuel_round_altar,
          mainiacjoe_overflow_alcove_3, solitary_fountain, feat_on_display
D:6:      layout_basic, minmay_misc_feat_plants, uniq_menkaure, uniq_grinder,
          uniq_edmund
D:7:      layout_basic, minmay_temple_entry_overgrown,
          hellmonk_guarded_unrand_night
D:8:      layout_basic, serial_shops,
          nicolae_shop_temple_entry_statues_fountains, chequers_garden,
          uniq_erica, uniq_psyche
D:9:      layout_rooms, nicolae_overflow_crystal_walls,
          erik_lair_orcish_takeover, orc_0_dummy, grunt_ministairs_15
D:10:     layout_roguey, mainiacjoe_overflow_tiny_flanked,
          mainiacjoe_overflow_catwalk, kiku_gazebo_garden_becter, serial_shops,
          nicolae_shop_advertising_works [nicolae_subvault_shop_adworks],
          nicolae_shop_trees
D:11:     layout_roguey, uniq_urug, uniq_josephine, uniq_harold
Temple:   nicolae_temple_bog_church

Skill      XL: |  1  2  3  4  5  6  7  8  9 10 11 12 |
---------------+-------------------------------------+-----
Axes           | 3 4 5 6 8 10 11 12 13 | 13.0
Fighting       | 4 5 6 8 9 11 12 | 12.3
Armour         | 4 |  4.7
Shields        | 4 |  4.8
Invocations    | 2 4 6 9 10 11 12 | 12.2
Dodging        | 3 |  3.3
Transmutations | 1 4 5 |  5.1
Earth Magic    | 1 4 |  4.6

Action                   |  1- 3 |  4- 6 |  7- 9 | 10-12 || total
-------------------------+-------+-------+-------+-------++-------
Melee: War axe           |   112 |   145 |   216 |   389 ||   862
Invok: Grand Finale      |       |       |       |     1 ||     1
Evoke: Wand              |       |       |     1 |       ||     1
  Use: Scroll            |       |    13 |     7 |     3 ||    23
       Potion            |       |       |     2 |     1 ||     3
 Stab: Paralysed         |       |       |    15 |    52 ||    67
       Sleeping          |       |       |       |     5 ||     5
       Distracted        |       |       |       |     1 ||     1
Armor: Scale mail        |    46 |    53 |    65 |       ||   164
       Robe              |       |       |       |    78 ||    78
Dodge: Dodged            |    36 |   103 |   130 |   248 ||   517
       Repelled          |       |     1 |       |     1 ||     2
Block: Buckler           |    15 |    30 |    68 |    86 ||   199

Table legend: (Time is in decaauts)
 A = Elapsed time spent in this place.
 B = Non-inter-level travel time spent in this place.
 C = Inter-level travel time spent in this place.
 D = Time resting spent in this place.
 E = Time spent auto-exploring this place.
 F = Levels seen in this place.
 G = Mean time per level.
                   A        B        C        D        E       F      G
               +--------+--------+--------+--------+--------+-----+--------+
         Total |  11279 |  10712 |    567 |   1065 |   7805 |  12 |  939.9 |
       Dungeon |  11052 |  10509 |    543 |   1065 |   7611 |  11 | 1004.7 |
        Temple |    227 |    204 |     23 |      0 |    194 |   1 |  227.0 |
               +--------+--------+--------+--------+--------+-----+--------+

Top non-repeatable levels by time:
     D:5: 1957 daAuts
     D:7: 1338 daAuts
     D:6: 1211 daAuts
     D:8: 1081 daAuts
     D:9: 1020 daAuts
     D:3: 943 daAuts
    D:11: 785 daAuts
     D:2: 729 daAuts
     D:1: 686 daAuts
    D:10: 666 daAuts
     D:4: 631 daAuts
  Temple: 227 daAuts
